 Dungeon Crawl Stone Soup version 0.24-a0-335-g06ca16a (webtiles) character file.

Game seed: 17029595366511962588

6093 Borgoz the Cruncher (level 10, -1/63 HPs)
             Began as a Gargoyle Gladiator on May 19, 2019.
             Was a Follower of Ashenzari.
             Slain by a centaur (2 damage)
             ... on level 11 of the Dungeon.
             The game lasted 00:15:04 (8684 turns).

Borgoz the Cruncher (Gargoyle Gladiator)            Turns: 8684, Time: 00:15:05

Health: -1/63      AC: 19    Str: 23    XL:     10   Next: 88%
Magic:  10/10      EV: 15    Int:  9    God:    Ashenzari [*.....]
Gold:   580        SH:  0    Dex: 14    Spells: 9/9 levels left

rFire    . . .     SeeInvis .   a - +0 quarterstaff
rCold    . . .     Gourm    +   (shield currently unavailable)
rNeg     + . .     Faith    .   q - +0 scale mail
rPois    ∞         Spirit   .   c - +0 helmet
rElec    +         Reflect  .   y - scarf {cloud immunity}
rCorr    .         Harm     .   x - +0 pair of gloves
MR       +....                  r - +0 pair of boots (curse)
Stlth    ..........             e - amulet of the gourmand
HPRegen  0.20/turn              A - ring of protection from magic
MPRegen  0.12/turn              C - +5 ring of strength

@: no status effects
A: negative energy resistance 1, electricity resistance, unbreathing,
petrification resistance, rot immunity, AC +7
a: Curse Item, Scrying, Renounce Religion


You were on level 11 of the Dungeon.
You worshipped Ashenzari.
Ashenzari was aware of your devotion.
You were completely stuffed.

You visited 2 branches of the dungeon, and saw 13 of its levels.

You collected 580 gold pieces.

Inventory:

Hand Weapons
 a - a +0 quarterstaff (weapon)
Missiles
 d - 2 throwing nets (quivered)
Armour
 c - a +0 helmet (worn)
 q - a +0 scale mail (worn)
 r - a cursed +0 pair of boots (worn)
 x - a +0 pair of gloves (worn)
 y - a scarf of cloud immunity (worn)
Jewellery
 e - an amulet of the gourmand (around neck)
 A - a ring of protection from magic (left hand)
 C - a +5 ring of strength (right hand)
Wands
 b - a wand of disintegration (15)
 t - a wand of acid (5)
 F - a wand of digging (3)
 H - a wand of flame (23)
 I - a wand of iceblast (7)
Scrolls
 g - 7 scrolls of remove curse
 j - a scroll of summoning {unknown}
 l - 7 scrolls of teleportation
 m - 2 scrolls of magic mapping {unknown}
 o - a scroll of enchant armour
 s - 3 scrolls of fog {unknown}
 u - a scroll of identify
 D - a scroll of acquirement
Potions
 h - 3 potions of curing
 i - 2 potions of lignification
 n - a potion of might
 p - a potion of flight
 v - a potion of resistance
 w - 2 potions of magic
 B - 2 potions of brilliance
 E - 2 potions of haste
Comestibles
 f - 29 rations
 k - 8 chunks of flesh


   Skills:
 + Level 7.5 Fighting
 * Level 9.8 Staves
 - Level 1.7 Throwing
 + Level 6.9 Armour
 * Level 8.2 Dodging


You had 9 spell levels left.
You didn't know any spells.
Your spell library contained the following spells:

 Spells                   Type           Power        Failure   Level  Hunger
 Animate Skeleton         Necr           N/A          67%         1    ##.....
 Flame Tongue             Conj/Fire      #....        67%         1    ##.....
 Pain                     Necr           #...         67%         1    ##.....
 Throw Flame              Conj/Fire      #.....       80%         2    ###....
 Conjure Flame            Conj/Fire      #.......     95%         3    ####...
 Inner Flame              Hex/Fire       #.......     95%         3    ####...
 Regeneration             Chrm/Necr      #.........   95%         3    ####...
 Vampiric Draining        Necr           #.........   95%         3    ####...
 Animate Dead             Necr           N/A          100%        4    #####..
 Sticky Flame             Conj/Fire      #.......     100%        4    #####..
 Fireball                 Conj/Fire      #.........   100%        5    ######.


Dungeon Overview and Level Annotations

Branches:
Dungeon (12/15)            Temple (1/1) D:5            Lair (0/6) D:9
    Orc (0/2) D:9

Altars:
Ashenzari
Cheibriados
Dithmenos
Elyvilon
Fedhas
Gozag
Hepliaklqana
Kikubaaqudgha
Makhleb
Nemelex Xobeh
Okawaru
Qazlal
Ru
Sif Muna
Trog
Uskayaw
Vehumet
Wu Jian
Xom
Yredelemnul
Zin
The Shining One

Shops:
D:5 (

Annotations:
D:3 2 transporters, Borgoz's ghost, amateur GrGl
D:11 exclusion: obsidian statue
D:12 Maurice


Innate Abilities, Weirdness & Mutations

You are resistant to torment.
Your stone body is resilient. (AC +7)
You are immune to poison.
You resist negative energy. (rN+)
You are resistant to electric shocks. (rElec)
You can survive without breathing.
You are immune to petrification.
You are immune to rotting.


Message History

Really walk into a travel-excluded area? [Y]es or [N]o only, please.
Really walk into a travel-excluded area?
Okay, then.
You hit the centaur.
The centaur is lightly wounded.
The centaur completely misses you.
You sock the centaur!
The centaur is heavily wounded.
The centaur hits you but does no damage.
You barely miss the centaur.
The centaur is heavily wounded.
The centaur hits you.
* * * LOW HITPOINT WARNING * * *
The centaur hits you.
* * * LOW HITPOINT WARNING * * *
You thump the centaur!
The centaur is almost dead.
The centaur hits you.
You die...

#. #. #♣ #. #.. ##.##
#♣.8#...## # #...#....##
.## ########........# ....
#.....# #....(#######...##
#))...#####..@##...........
#<).......##.c.....>.......
#.....##......##...........
#........#..#.########...##
######...§§§§..# ..a.
#.[.≈§§...# .## #))##≈##..#
# #[§#}§5#§.#
#..).§§(8%≈§...


You could see a centaur.

Vanquished Creatures
  An ugly thing (D:7)
  2 hippogriffs (D:9)
  5 yaks (D:9)
  2 wyverns
  The ghost of PeterLawrence the Covered, an amateur MiFi of Okawaru (D:4)
  A soldier ant (D:10)
  A water moccasin (D:7)
  2 orc warriors
  2 black bears (D:8)
  An ice beast (D:8)
  A sky beast (D:10)
  6 ogres
  2 phantoms
  2 necrophages
  4 centaurs
  A big kobold (D:9)
  2 bullfrogs (D:6)
  2 scorpions
  A howler monkey (D:7)
  2 bullfrog zombies
  2 crimson imps
  3 bullfrog skeletons
  2 hounds
  2 jellies (D:5)
  6 orc priests
  4 centaur skeletons
  3 iguanas
  Terence (D:2)
  14 orc wizards
  6 worker ants
  A killer bee zombie (D:7)
  A howler monkey zombie (D:8)
  A howler monkey skeleton (D:5)
  A worker ant zombie (D:9)
  13 adders
  A shadow imp (D:5)
  A white imp (D:5)
  An ooze (D:3)
  2 adder skeletons
  3 worms
  2 dart slugs
  6 leopard geckos
  40 orcs
  8 bats
  2 bat zombies (D:2)
  6 giant cockroaches
  7 goblins
  5 hobgoblins
  4 jackals (D:2)
  6 quokkas
  2 ball pythons
  6 frilled lizards
  A giant cockroach zombie (D:6)
  8 kobolds
  A quokka skeleton (D:7)
  6 rats
219 creatures vanquished.

Vanquished Creatures (others)
  An orc wizard (D:8)
1 creature vanquished.

Grand Total: 220 creatures vanquished

Notes
Turn   | Place    | Note
-------+----------+-------------------------------------------
     0 | D:1      | Borgoz the Gargoyle Gladiator began the quest for the Orb.
     0 | D:1      | Reached XP level 1. HP: 12/12 MP: 1/1
   189 | D:1      | Reached XP level 2. HP: 7/17 MP: 2/2
   685 | D:2      | Reached XP level 3. HP: 22/22 MP: 3/3
   775 | D:2      | Found a hide-covered altar of Uskayaw.
   832 | D:2      | Reached skill level 1 in Armour
   905 | D:2      | Noticed Terence
   916 | D:2      | Killed Terence
   916 | D:2      | Reached XP level 4. HP: 21/27 MP: 4/4
  1012 | D:2      | Found an ancient bone altar of Kikubaaqudgha.
  1138 | D:3      | Found a transporter.
  1546 | D:3      | Noticed Borgoz's ghost (amateur GrGl)
  1546 | D:3      | Noticed an ogre
  1546 | D:3      | Identified the +6 dire flail "Qijirropn" {vamp, rF++ Int+2}
  1546 | D:3      | Noticed an ogre
  1551 | D:3      | Found a transporter.
  1621 | D:3      | Reached XP level 5. HP: 28/32 MP: 5/5
  1702 | D:4      | Noticed a necrophage
  1709 | D:4      | Killed a necrophage
  1709 | D:4      | Reached skill level 4 in Staves
  1752 | D:4      | Noticed an ogre
  1771 | D:4      | Killed an ogre
  1771 | D:4      | Reached XP level 6. HP: 8/37 MP: 6/6
  2217 | D:4      | Noticed a phantom
  2269 | D:4      | Killed a phantom
  2269 | D:4      | Reached skill level 5 in Staves
  2269 | D:4      | Reached XP level 7. HP: 35/42 MP: 7/7
  2282 | D:4      | Found a white marble altar of Elyvilon.
  2423 | D:4      | Found a basalt altar of Yredelemnul.
  2671 | D:4      | Found a runed translucent door.
  2671 | D:4      | Noticed PeterLawrence's ghost (amateur MiFi)
  2692 | D:4      | Killed PeterLawrence's ghost
  2749 | D:5      | Entered Level 5 of the Dungeon
  2749 | D:5      | Found Goscho Naen's Weapon Boutique.
  2915 | D:5      | Reached XP level 8. HP: 15/48 MP: 8/8
  3215 | D:5      | Found a staircase to the Ecumenical Temple.
  3224 | D:5      | Reached skill level 6 in Staves
  3224 | D:5      | Reached skill level 5 in Dodging
  3239 | Temple   | Entered the Ecumenical Temple
  3250 | Temple   | Became a worshipper of Ashenzari the Shackled
  3790 | D:6      | Reached skill level 5 in Fighting
  3968 | D:6      | Found an opulent altar of Gozag.
  4148 | D:6      | Found a blossoming altar of Fedhas.
  4599 | D:7      | Reached skill level 7 in Staves
  4725 | D:7      | Reached XP level 9. HP: 44/54 MP: 9/9
  4864 | D:7      | Noticed a purple ugly thing
  4878 | D:7      | Killed a purple ugly thing
  4878 | D:7      | Reached skill level 5 in Armour
  5199 | D:8      | Found an iron altar of Okawaru.
  5220 | D:8      | Reached skill level 8 in Staves
  5578 | D:8      | Reached * piety under Ashenzari
  5806 | D:8      | Found a bloodstained altar of Trog.
  6025 | D:9      | Found a radiant altar of Vehumet.
  6319 | D:9      | Found a deep blue altar of Sif Muna.
  6388 | D:9      | Reached XP level 10. HP: 59/61 MP: 10/10
  6419 | D:9      | Found a sacrificial altar of Ru.
  6543 | D:9      | Found a staircase to the Orcish Mines.
  6693 | D:9      | Reached skill level 9 in Staves
  7097 | D:9      | Found a staircase to the Lair.
  7362 | D:10     | Entered Level 10 of the Dungeon
  7864 | D:10     | Identified a scroll of acquirement
  8471 | D:11     | Identified the ring of Erimor {rCorr Dex+6}
  8473 | D:11     | Noticed an obsidian statue
  8628 | D:12     | Noticed Maurice
  8683 | D:11     | HP: 3/63 [centaur (6)]
  8683 | D:11     | HP: 1/63 [centaur (2)]
  8684 | D:11     | Slain by a centaur

Levels and vault maps discovered:
D:1:      wander_arrival_estate, layout_rooms, patterned_corridor
D:2:      layout_rooms, nicolae_overflow_crystal_walls,
          lemuel_zombie_altar_kikubaaqudgha, first_ration, uniq_terence
D:3:      layout_basic, gammafunk_ghost_smash
D:4:      layout_loops_ring, lemuel_crystal_altar,
          lemuel_coloured_pillars_altar, gammafunk_ghost_grave
D:5:      layout_rooms, minmay_temple_entry_drinking_statues, serial_shops,
          shop, hex_medium, minmay_fire_ice_demons
D:6:      layout_loops_ring, grunt_gozag_statues, basic_altar,
          minmay_misc_feat_roman
D:7:      layout_rooms, kennysheep_generic_room_14
D:8:      layout_loops_ring, okawaru_trees_2, lightli_temple_of_fire
D:9:      layout_grid_maze, lemuel_crystal_altar, fiery_altar_vehumet,
          kennysheep_mini, lair_entry_dummy, orc_0_dummy
D:10:     layout_cave_pools
D:11:     layout_loops_cross, hangedman_fish_farm, minivault_15,
          small_statue_intersection, nicolae_alphabet_shops, chequers_avenue
D:12:     layout_cave_pools, mrwooster_statue_mirror, uniq_maurice
Temple:   nicolae_temple_x_marks_the_god

Skill      XL: |  1  2  3  4  5  6  7  8  9 10 |
---------------+-------------------------------+-----
Armour         | 1 2 3 4 5 6 |  6.9
Dodging        | 3 4 5 7 8 |  8.2
Fighting       | 3 4 5 6 7 |  7.5
Staves         | 4 5 7 8 9 |  9.8
Throwing       | |  1.7

Action                   |  1- 3 |  4- 6 |  7- 9 | 10-12 || total
-------------------------+-------+-------+-------+-------++-------
Melee: Quarterstaff      |   102 |   141 |   453 |   292 ||   988
Throw: Throwing net      |       |     2 |     1 |       ||     3
Evoke: Wand              |       |       |     5 |       ||     5
  Use: Potion            |       |       |     1 |     7 ||     8
       Scroll            |       |       |    10 |     3 ||    13
 Stab: Held in net/web   |       |       |     2 |       ||     2
  Eat: Chunk             |    17 |     4 |    14 |     7 ||    42
Armor: Leather armour    |    15 |       |       |       ||    15
       Ring mail         |    32 |       |       |       ||    32
       Scale mail        |       |    65 |   207 |   123 ||   395
       Skin              |       |       |       |    65 ||    65
Dodge: Dodged            |    84 |    76 |   281 |   227 ||   668

Table legend:
 A = Non-vault XP
 B = Vault XP
 C = Vault XP percentage of total XP
 D = Non-vault monster count
 E = Vault monster count
 F = Vault count percentage of total count
                 A         B        C        D         E       F
            +---------+---------+-------+---------+---------+-------
      Total |    7713 |     992 |  11.4 |     211 |       8 |   3.7
            +---------+---------+-------+---------+---------+-------
        D:1 |      22 |       0 |   0.0 |      15 |       0 |   0.0
        D:2 |      51 |      40 |  44.0 |      19 |       3 |  13.6
        D:3 |      52 |       0 |   0.0 |      18 |       0 |   0.0
        D:4 |     496 |     201 |  28.8 |      14 |       1 |   6.7
        D:5 |     569 |      58 |   9.3 |      24 |       2 |   7.7
        D:6 |     560 |       0 |   0.0 |      16 |       0 |   0.0
        D:7 |     601 |     693 |  53.6 |      18 |       2 |  10.0
        D:8 |    1001 |       0 |   0.0 |      27 |       0 |   0.0
        D:9 |    2253 |       0 |   0.0 |      23 |       0 |   0.0
       D:10 |    1701 |       0 |   0.0 |      25 |       0 |   0.0
       D:11 |     369 |       0 |   0.0 |      11 |       0 |   0.0
       D:12 |      38 |       0 |   0.0 |       1 |       0 |   0.0
            +---------+---------+-------+---------+---------+-------
